 Dungeon Crawl Stone Soup version 0.23.2-40-g277498a001 (webtiles) character file.

Game seed: 7276119774372256767

19146 Frank2 the Cleaver (level 12, -2/100 HPs)
             Began as a Demigod Gladiator on Sept 6, 2019.
             Killed by nerve-wracking pain
             ... invoked by an orc priest
              (6 damage)
             ... on level 12 of the Dungeon.
             The game lasted 00:23:42 (12316 turns).

Frank2 the Cleaver (Demigod Gladiator)             Turns: 12316, Time: 00:23:44

Health: -2/100     AC: 21    Str: 17    XL:     12   Next: 7%
Magic:  20/20      EV: 16    Int: 12    God:
Gold:   332        SH:  0    Dex: 27    Spells: 11/11 levels left

rFire    . . .     SeeInvis .   F - +6 executioner's axe (flame)
rCold    . . .     Gourm    .   (shield currently unavailable)
rNeg     . . .     Faith    .   z - +5 ring mail
rPois    +         Spirit   .   c - +2 helmet
rElec    .         Reflect  .   y - +1 cloak
rCorr    +         Harm     .   m - +0 pair of gloves
MR       +....     Clarity  +   (no boots)
Stlth    ++........             (no amulet)
HPRegen  0.26/turn              D - ring of poison resistance
MPRegen  0.17/turn              g - ring of resist corrosion

@: no status effects
A: icy blue scales 1, agile 1, clarity, high mp 1, screaming 1, sturdy frame 1
a: no special abilities


You were on level 12 of the Dungeon.
You were not hungry.

You visited 1 branch of the dungeon, and saw 14 of its levels.
You also visited: Ossuary.

You collected 722 gold pieces.
You spent 390 gold pieces at shops.

Inventory:

Hand Weapons
 l - the +10 scimitar of Frank2's Death {drain, rC+ Int+3, unknown}
   (You found it on level 9 of the Dungeon)

   A truly terrible weapon, it drains the life of those it strikes.
   It affects your intelligence (+3).
   It protects you from cold.
 F - a +6 executioner's axe of flaming (weapon)
Armour
 c - a +2 helmet (worn)
 m - a +0 pair of gloves (worn)
 r - the +1 chain mail of Calculation {rElec rCorr}
   (You found it on level 9 of the Dungeon)

   It insulates you from electricity.
   It provides partial protection from all sources of acid and corrosion.
 y - a +1 cloak (worn)
 z - a +5 ring mail (worn)
Jewellery
 a - an uncursed ring of attention
 g - a ring of resist corrosion (right hand)
 h - an uncursed ring of positive energy
 D - a ring of poison resistance (left hand)
Wands
 i - a wand of enslavement (7)
 j - a wand of acid (19)
 k - a wand of scattershot (2)
 q - a wand of disintegration (6)
 C - a wand of iceblast (7)
Scrolls
 b - a scroll of silence
 o - 5 scrolls of remove curse
 w - a scroll of identify
 x - a scroll of magic mapping
Potions
 e - 4 potions of flight
 n - a potion of brilliance {unknown}
 p - a potion of haste
 s - 2 potions of lignification
 v - a potion of cancellation {unknown}
Comestibles
 f - 18 rations
 u - 7 chunks of flesh


   Skills:
 + Level 7.1 Fighting
 + Level 12.7 Axes
 - Level 1.7 Throwing
 * Level 9.0 Armour
 + Level 5.2 Dodging
 * Level 6.8 Evocations


You had 11 spell levels left.
You didn't know any spells.
Your spell library contained the following spells:

 Spells                   Type           Power        Failure   Level  Hunger
 Sting                    Conj/Pois      #...         38%         1    ##.....
 Poisonous Vapours        Pois/Air       #.....       54%         2    ###....
 Mephitic Cloud           Conj/Pois/Air  #.......     77%         3    ####...
 Olgreb's Toxic Radiance  Pois           #.......     99%         4    #####..
 Venom Bolt               Conj/Pois      #.........   100%        5    ######.


Dungeon Overview and Level Annotations

Branches:
Dungeon (14/15)            Temple (0/1) D:4            Lair (0/6) D:11
    Orc (0/2) D:11
 Vaults: D:13-14

Shops:
D:5 (   D:11 ([

Annotations:
D:12 Kirke


Innate Abilities, Weirdness & Mutations

You have an increased reservoir of magic. (+10% MP)
You are partially covered in icy blue scales. (AC +2)
You are agile. (Dex +2)
You possess an exceptional clarity of mind.
You occasionally shout uncontrollably at your foes.
Your movements are slightly less encumbered by armour. (ER -2)


Message History

* * * LOW HITPOINT WARNING * * *
The orc priest hits you but does no damage.
The hog barely misses you.
Kirke mumbles some strange words.
Kirke flickers and vanishes!
Deactivating autopickup; reactivate with Ctrl-A.
A hog comes into view.
The orc warrior hits you with a +0 dire flail.
* * * LOW HITPOINT WARNING * * *
Okay, then.
Okay, then.
Okay, then.
Okay, then.
You slash the orc priest! You burn the orc priest.
The orc priest is almost dead.
You slice the hog!! You burn the hog. You slice the orc warrior!!
You burn the orc warrior! The hog bites you but does no damage.
The orc priest invokes the aid of Beogh against you.
Pain shoots through your body!
You die...

#......#
#......#
+......#
#......#
#......#
#......#
#......#
+@o....#
#ohH...#
#+#####h.....#
.............#
.............#
.....{h......#
.....hH......#
...H.........#
..h..........#


You could see a sphinx, a manticore, 4 hogs, an orc warrior and an orc priest.

Vanquished Creatures
  A fire dragon (D:9)
  A centaur warrior (D:10)
  5 two-headed ogres
  An orc knight (D:10)
  Pikel (D:4)
  A cyclops (D:11)
  2 ugly things (D:10)
  Maurice (D:10)
  Psyche (D:10)
  A freezing wraith (D:9)
  A troll (D:9)
  3 polar bears (D:7)
  Prince Ribbit (D:8)
  3 dream sheep (D:7)
  4 hippogriffs
  Sigmund (D:5)
  A wraith (D:11)
  A wyvern (D:11)
  5 yaks (D:10)
  A hog (D:7)
  A steam dragon (D:8)
  2 hungry ghosts
  4 vampire mosquitoes
  Grum (D:9)
  A water moccasin (D:9)
  Duvessa (D:6)
  5 orc warriors
  2 ice beasts
  9 black bears
  5 sky beasts
  7 ogres
  A necrophage (D:8)
  2 wolves (D:9)
  4 centaurs
  A phantom (D:8)
  A big kobold (D:8)
  5 bullfrogs
  A wyvern zombie (D:11)
  Dowan (D:6)
  A scorpion (D:14)
  A wyvern skeleton (D:9)
  5 wights (D:10)
  7 howler monkeys
  12 killer bees (D:8)
  5 crimson imps
  5 jellies
  A quasit (D:8)
  A bullfrog skeleton (D:6)
  A bullfrog zombie (D:11)
  A human zombie (Ossuary)
  5 hounds
  9 orc priests
  Crazy Yiuf (D:6)
  3 centaur skeletons
  7 orc wizards
  Natasha (D:4)
  5 iguanas
  4 worker ants
  A killer bee zombie (D:8)
  A hound zombie (Ossuary)
  4 mummies (Ossuary)
  A worker ant zombie (D:10)
  14 adders
  A shadow imp (D:7)
  An ooze (D:1)
  3 adder zombies
  2 worms
  A dart slug (D:5)
  6 leopard geckos
  89 orcs
  A ball python (D:3)
  4 giant cockroaches
  2 gnoll zombies (Ossuary)
  4 goblins
  2 hobgoblins (D:2)
  14 jackals
  14 kobolds
  3 quokkas
  2 bats
  7 frilled lizards
  2 hobgoblin zombies (Ossuary)
  3 jackal zombies (Ossuary)
  A kobold zombie (Ossuary)
  A leopard gecko skeleton (D:4)
  10 rats
  2 rat zombies (Ossuary)
361 creatures vanquished.

Vanquished Creatures (others)
  Natasha (D:4)
  An orc wizard (D:7)
  An orc (D:8)
3 creatures vanquished.

Grand Total: 364 creatures vanquished

Notes
Turn   | Place    | Note
-------+----------+-------------------------------------------
     0 | D:1      | Frank2 the Demigod Gladiator began the quest for the Orb.
     0 | D:1      | Reached XP level 1. HP: 17/17 MP: 3/3
   133 | D:1      | Reached XP level 2. HP: 22/24 MP: 4/4
   144 | D:1      | Reached skill level 3 in Axes
   465 | D:1      | Reached skill level 1 in Armour
   763 | D:1      | Gained mutation: You expend magic power (3 MP) to
                  | strengthen your wands. [potion of mutation]
   763 | D:1      | Gained mutation: You are weak. (Str -2) [potion of
                  | mutation]
   763 | D:1      | Gained mutation: You are partially covered in icy blue
                  | scales. (AC +2) [potion of mutation]
   765 | D:1      | Lost mutation: You expend magic power (3 MP) to strengthen
                  | your wands. [potion of mutation]
   765 | D:1      | Gained mutation: You expend magic power (3 MP) to
                  | strengthen your wands. [potion of mutation]
   765 | D:1      | Gained mutation: You are clumsy. (Dex -2) [potion of
                  | mutation]
   765 | D:1      | Gained mutation: You possess an exceptional clarity of
                  | mind. [potion of mutation]
   867 | D:2      | Reached XP level 3. HP: 17/29 MP: 5/5
  1256 | D:2      | Found a bloodstained altar of Trog.
  1261 | D:2      | Found a stormy altar of Qazlal.
  1283 | D:2      | Found a white marble altar of Elyvilon.
  1285 | D:2      | Found a hazy altar of Hepliaklqana.
  1286 | D:2      | Found a deep blue altar of Sif Muna.
  1326 | D:2      | Found an opulent altar of Gozag.
  1998 | D:3      | Found a basalt altar of Yredelemnul.
  2006 | D:3      | Reached XP level 4. HP: 36/36 MP: 6/6
  2406 | D:4      | Noticed an ogre
  2415 | D:4      | Killed an ogre
  2415 | D:4      | Reached skill level 4 in Axes
  2415 | D:4      | Reached XP level 5. HP: 16/41 MP: 7/7
  2895 | D:4      | Found a staircase to the Ecumenical Temple.
  3018 | D:4      | Found a shadowy altar of Dithmenos.
  3026 | D:4      | Noticed an ogre
  3035 | D:4      | Killed an ogre
  3035 | D:4      | Reached XP level 6. HP: 20/50 MP: 8/8
  3122 | D:4      | Noticed Pikel
  3130 | D:4      | Killed Pikel
  3130 | D:4      | Reached skill level 6 in Axes
  3130 | D:4      | Reached XP level 7. HP: 49/56 MP: 9/9
  3223 | D:4      | Noticed Natasha
  3233 | D:4      | Killed Natasha
  3312 | D:4      | Killed Natasha
  3313 | D:5      | Entered Level 5 of the Dungeon
  3488 | D:5      | Found a sand-covered staircase.
  3508 | Ossuary  | Entered an ossuary
  3909 | D:5      | Found a snail-covered altar of Cheibriados.
  4010 | D:5      | Reached skill level 7 in Axes
  4010 | D:5      | Reached XP level 8. HP: 56/63 MP: 10/10
  4041 | D:5      | Reached skill level 5 in Armour
  4083 | D:5      | Found Duzathroi's Antique Weapon Shoppe.
  4391 | D:5      | Found a glowing silver altar of Zin.
  4398 | D:5      | Noticed Sigmund
  4406 | D:5      | Killed Sigmund
  4540 | D:6      | Lost mutation: You expend magic power (3 MP) to strengthen
                  | your wands. [potion of mutation]
  4540 | D:6      | Lost mutation: You are clumsy. (Dex -2) [potion of
                  | mutation]
  4540 | D:6      | Lost mutation: You are weak. (Str -2) [potion of mutation]
  4540 | D:6      | Gained mutation: You are agile. (Dex +2) [potion of
                  | mutation]
  4540 | D:6      | Gained mutation: You occasionally shout uncontrollably at
                  | your foes. [potion of mutation]
  4540 | D:6      | Gained mutation: Your movements are slightly less
                  | encumbered by armour. (ER -2) [potion of mutation]
  4558 | D:6      | Found a glowing silver altar of Zin.
  4558 | D:6      | Noticed an angel
  4576 | D:6      | Reached skill level 1 in Evocations
  4597 | D:6      | Noticed a hippogriff
  4681 | D:6      | Noticed Dowan
  4682 | D:6      | Noticed Duvessa
  4695 | D:6      | Killed Duvessa
  4709 | D:6      | Reached skill level 8 in Axes
  4728 | D:6      | Killed Dowan
  5069 | D:6      | Killed a hippogriff
  5069 | D:6      | Reached XP level 9. HP: 69/71 MP: 13/13
  5322 | D:6      | Found a runed translucent door.
  5323 | D:6      | Noticed Crazy Yiuf
  5399 | D:6      | Killed Crazy Yiuf
  5937 | D:5      | Bought a glowing executioner's axe for 390 gold pieces
  6232 | D:7      | Found a huge runed translucent gate.
  6233 | D:7      | Found a huge runed translucent gate.
  6233 | D:7      | Found a huge runed translucent gate.
  6233 | D:7      | Found a huge runed translucent gate.
  6410 | D:8      | Reached skill level 9 in Axes
  6419 | D:8      | Noticed a two-headed ogre
  6425 | D:8      | Killed a two-headed ogre
  6425 | D:8      | Reached skill level 5 in Fighting
  6587 | D:8      | Reached XP level 10. HP: 54/81 MP: 16/16
  6653 | D:8      | HP: 3/81 [killer bee (3)]
  6655 | D:8      | HP: 1/81 [killer bee (7)]
  6667 | D:8      | Reached skill level 10 in Axes
  7206 | D:8      | Found a roughly hewn altar of Beogh.
  7485 | D:8      | Noticed Prince Ribbit
  7489 | D:8      | Killed Prince Ribbit
  7745 | D:9      | Found a shattered altar of Ashenzari.
  8496 | D:9      | Noticed Grum
  8502 | D:9      | Killed Grum
  8548 | D:9      | Found a radiant altar of Vehumet.
  8548 | D:9      | Found a burning altar of Makhleb.
  8720 | D:9      | Noticed a two-headed ogre
  8731 | D:9      | Killed a two-headed ogre
  8731 | D:9      | Reached skill level 5 in Evocations
  8948 | D:9      | Noticed a fire dragon
  9221 | D:7      | Reached skill level 11 in Axes
  9237 | D:7      | Reached XP level 11. HP: 55/89 MP: 18/18
  9658 | D:9      | Killed a fire dragon
  9682 | D:9      | Got a faintly humming chain mail
  9683 | D:9      | Identified the +1 chain mail of Calculation {rElec rCorr}
                  | (You found it on level 9 of the Dungeon)
  9689 | D:9      | Got an iridescent scimitar
  9842 | D:10     | Entered Level 10 of the Dungeon
  9933 | D:10     | Noticed a two-headed ogre
 10021 | D:10     | Killed a two-headed ogre
 10073 | D:10     | Reached skill level 12 in Axes
 10080 | D:10     | Noticed a centaur warrior
 10094 | D:10     | Killed a centaur warrior
 10094 | D:10     | Reached skill level 5 in Dodging
 10348 | D:10     | Noticed a two-headed ogre
 10354 | D:10     | Killed a two-headed ogre
 10400 | D:10     | Noticed Psyche
 10408 | D:10     | Killed Psyche
 11263 | D:11     | Noticed a two-headed ogre
 11325 | D:11     | Noticed Maurice
 11332 | D:11     | Noticed an orc knight
 11353 | D:10     | Killed Maurice
 11409 | D:10     | Killed an orc knight
 11793 | D:11     | Found Isehak's Armour Emporium.
 11801 | D:11     | Killed a two-headed ogre
 11801 | D:11     | Reached XP level 12. HP: 32/100 MP: 20/20
 12161 | D:11     | Found a staircase to the Orcish Mines.
 12162 | D:11     | Found Pouxzout's Weapon Emporium.
 12236 | D:11     | Found a staircase to the Lair.
 12238 | D:11     | You fall through a shaft for 3 floors!
 12309 | D:12     | Noticed Kirke
 12310 | D:12     | Noticed a sphinx
 12315 | D:12     | HP: 3/100 [orc warrior/+0 dire flail (4)]
 12316 | D:12     | Killed from afar by an orc priest

Skill      XL: |  1  2  3  4  5  6  7  8  9 10 11 12 |
---------------+-------------------------------------+-----
Axes           | 3 4 6 7 8 9 11 12 | 12.7
Dodging        | 3 4 5 |  5.2
Armour         | 1 2 3 4 6 7 8 9 |  9.0
Fighting       | 2 3 4 5 6 7 |  7.1
Evocations     | 2 3 5 6 |  6.8
Throwing       | |  1.7

Action                   |  1- 3 |  4- 6 |  7- 9 | 10-12 || total
-------------------------+-------+-------+-------+-------++-------
Melee: War axe           |   115 |    63 |   334 |       ||   512
       Executioner's axe |       |       |    82 |   343 ||   425
Throw: Throwing net      |       |     1 |     3 |       ||     4
Evoke: Wand              |       |       |     1 |    16 ||    17
  Use: Scroll            |     6 |     6 |    11 |    18 ||    41
       Potion            |     2 |     1 |    10 |    13 ||    26
 Stab: Sleeping          |     3 |       |       |     1 ||     4
       Held in net/web   |       |       |     2 |       ||     2
       Invisible         |       |       |       |    14 ||    14
  Eat: Chunk             |     3 |     4 |    10 |    17 ||    34
       Ration            |       |       |     1 |     1 ||     2
Armor: Leather armour    |    36 |     5 |       |       ||    41
       Chain mail        |       |    12 |   271 |    45 ||   328
       Ring mail         |       |       |       |   183 ||   183
Dodge: Dodged            |    89 |    37 |   220 |   483 ||   829
